 Dungeon Crawl Stone Soup version 0.28.0-53-g5a82cb258f (webtiles) character file.

Game seed: 2997464166607031052

471 bnorton916 the Magician (level 6, -4/36 HPs)
             Began as a Deep Elf Fire Elementalist on July 3, 2022.
             Was an Initiate of Vehumet.
             Slain by an ogre
             ... wielding a +0 giant club
              (19 damage)
             ... on level 5 of the Dungeon.
             The game lasted 00:04:45 (5262 turns).

bnorton916 the Magician (DEFE)                      Turns: 5262, Time: 00:04:46

Health: -4/36      AC:  3    Str:  5    XL:     6   Next: 83%
Magic:  14/16      EV: 13    Int: 22    God:    Vehumet [......]
Gold:   178        SH:  0    Dex: 21    Spells: 6/16 levels left

rFire   . . .      SeeInvis .   e - +1 short sword (protect)
rCold   . . .      Faith    .   (no shield)
rNeg    . . .      Spirit   .   a - +0 robe
rPois   .          Reflect  .   (no helmet)
rElec   .          Harm     .   (no cloak)
rCorr   .          Rampage  .   c - +0 pair of gloves
Will    .....      Rnd*Tele +   (no boots)
Stlth   ++........              (no amulet)
HPRegen 0.12/turn               d - ring of flight
MPRegen 0.15/turn               i - +6 ring of dexterity

@: flying
A: mutation resistance 1, teleportitis 1
a: Renounce Religion


You were on level 5 of the Dungeon.
You worshipped Vehumet.
Vehumet was noncommittal.
You visited 1 branch of the dungeon, and saw 5 of its levels.

You collected 178 gold pieces.

Inventory:

Hand Weapons
 e - a +1 short sword of protection (weapon)
Missiles
 g - 23 stones
 r - 5 poisoned darts
Armour
 a - a +0 robe (worn)
 c - a +0 pair of gloves (worn)
Jewellery
 d - a ring of flight (left hand)
 i - a +6 ring of dexterity (right hand)
 p - a ring of protection from cold
Wands
 m - a wand of paralysis (11)
Scrolls
 b - 2 scrolls of fog {unknown}
 f - 2 scrolls of brand weapon {unknown}
 h - a scroll of enchant weapon {unknown}
 j - 5 scrolls of identify {unknown}
 k - a scroll of immolation {unknown}
 q - a scroll of teleportation {unknown}
Potions
 l - 2 potions of mutation
 n - a potion of lignification {unknown}
 o - a potion of berserk rage {unknown}
 s - a potion of curing {unknown}
 t - a potion of might {unknown}


   Skills:
 - Level 2.3 Fighting
 - Level 2.4 Dodging
 - Level 2.4 Stealth
 + Level 5.6 Spellcasting
 + Level 4.1 Conjurations
 + Level 5.2 Fire Magic


You had 6 spell levels left.
You knew the following spells:

 Your Spells              Type           Power      Damage    Failure   Level
a - Foxfire               Conj/Fire      100%       2x1d9     1%          1
b - Scorch                Fire           58%        2d7       1%          2
c - Conjure Flame         Conj/Fire      26%        6-21      4%          3
d - Flame Wave            Conj/Fire      26%        2d7       14%         4

Your spell library contained the following spells:

 Spells                   Type           Power      Damage    Failure   Level
 Inner Flame              Hex/Fire       17%        N/A       10%         3


Dungeon Overview and Level Annotations

Branches:
Dungeon (5/15)
 Temple: D:4-7

Altars:
Vehumet
Yredelemnul

Shops:
D:2 =


Innate Abilities, Weirdness & Mutations

You are somewhat resistant to further mutation.
You are occasionally teleported next to monsters.


Message History

The bullfrog skeleton hits you but does no damage.
The foxfire hits the bullfrog skeleton.
The bullfrog skeleton is almost destroyed.
The foxfire hits the bullfrog skeleton!
You destroy the bullfrog skeleton!
Vehumet accepts your kill.
Casting: Foxfire (safe; 1% risk of failure)
Confirm with . or Enter, or press ? or * to list all spells.
You can't see any susceptible monsters within range! (Use Z to cast anyway.)
Things that are here:
a +0 shortbow; 20 arrows; a centaur corpse
Found 11 gold pieces.
There is a stone staircase leading up here.
There is a stone staircase leading up here.
You fly upwards.
There is a stone staircase leading down here.
You start resting.
Magic restored.
You start resting.
HP restored.
You start waiting.
Done waiting.
You fly downwards.
There is a stone staircase leading up here.
j - 5 scrolls labelled KEEDUR CEGODD (gained 1)
You now have 167 gold pieces (gained 6).
There is a stone staircase leading up here.
You now have 178 gold pieces (gained 11).
An ogre comes into view. It is wielding a +0 giant club.
The ogre shouts!
Casting: Foxfire (safe; 1% risk of failure)
Confirm with . or Enter, or press ? or * to list all spells.
Flames lash the ogre.
The ogre is lightly wounded.
The ogre's fire resistance burns away.
The ogre hits you with a +0 giant club!!
Ouch! That really hurt!
The ogre hits you with a +0 giant club!!
Ouch! That really hurt!
You die...

#.##### #...O.#
#@# #.# #.######.#
#......#.#
#######.#.#
..........#
##############...#
.................#
#############.#.##


You could see an ogre (combustible).

Vanquished Creatures
  An ogre (D:4)
  A centaur (D:5)
  A phantom (D:3)
  A hound (D:5)
  A jelly (D:4)
  A bullfrog skeleton (D:5)
  An orc wizard (D:4)
  3 adders
  4 worms
  A dart slug (D:3)
  5 orcs
  10 ball pythons
  5 endoplasms
  A giant cockroach (D:1)
  9 goblins
  11 hobgoblins
  3 quokkas
  7 bats
  4 frilled lizards
  6 kobolds
  5 rats
81 creatures vanquished.

Vanquished Creatures (others)
  418 foxfires
418 creatures vanquished.

Grand Total: 499 creatures vanquished

Notes
Turn   | Place    | Note
-------+----------+-------------------------------------------
     0 | D:1      | bnorton916 the Deep Elf Fire Elementalist began the quest
                  | for the Orb.
     0 | D:1      | Reached XP level 1. HP: 10/10 MP: 6/6
   439 | D:1      | Found a faded altar of an unknown god.
   444 | D:1      | Reached XP level 2. HP: 15/15 MP: 5/8
  1326 | D:2      | Reached XP level 3. HP: 19/19 MP: 7/10
  1492 | D:2      | Found Uguamas's Jewellery Emporium.
  1801 | D:2      | Found a basalt altar of Yredelemnul.
  2211 | D:3      | Found a radiant altar of Vehumet.
  2238 | D:3      | Identified the +1 robe "Haotawip" {Rampage Str+3}
  2324 | D:3      | Reached XP level 4. HP: 24/24 MP: 7/12
  2373 | D:3      | Became a worshipper of Vehumet
  3022 | D:4      | Noticed a phantom
  3036 | D:3      | Gained mutation: You are somewhat resistant to further
                  | mutation. [potion of mutation]
  3036 | D:3      | Gained mutation: You are occasionally teleported next to
                  | monsters. [potion of mutation]
  3050 | D:3      | Killed a phantom
  3051 | D:3      | Reached XP level 5. HP: 13/28 MP: 11/14
  3346 | D:4      | Learned a level 2 spell: Scorch
  3350 | D:4      | Learned a level 3 spell: Conjure Flame
  3355 | D:4      | Learned a level 4 spell: Flame Wave
  3836 | D:4      | Reached skill level 1 in Fighting
  4023 | D:4      | Noticed an ogre
  4037 | D:4      | Killed an ogre
  4038 | D:4      | Reached XP level 6. HP: 36/36 MP: 3/15
  4482 | D:4      | Reached skill level 5 in Spellcasting
  4677 | D:5      | Entered Level 5 of the Dungeon
  4822 | D:5      | HP: 1/36 [centaur (3)]
  4825 | D:5      | Reached skill level 5 in Fire Magic
  5262 | D:5      | Slain by an ogre

Illustrated notes

Levels and vault maps discovered:
D:1:      lightli_arrival_chessboard, layout_rooms, basic_ecumenical_altar,
          hangedman_decor_clover_reticule
D:2:      layout_rooms, serial_shops, nicolae_shop_statue_plus, basic_altar,
          chequers_decorated_corner, minmay_misc_feat_more_columns
D:3:      layout_basic, nicolae_vehumet_radiance
D:4:      layout_loops_ring
D:5:      layout_basic, amcnicky_mini_corridor_feature

Skill      XL: |  1  2  3  4  5  6 |
---------------+-------------------+-----
Conjurations   | 2 3 4 |  4.1
Spellcasting   | 4 5 |  5.6
Fire Magic     | 4 5 |  5.2
Fighting       | 2 |  2.3
Dodging        | |  2.4
Stealth        | |  2.4

Action                   |  1- 3 |  4- 6 || total
-------------------------+-------+-------++-------
Melee: Short sword       |       |     3 ||     3
 Cast: Foxfire           |   154 |    98 ||   252
       Scorch            |       |    10 ||    10
       Conjure Flame     |       |     1 ||     1
  Use: Potion            |       |     3 ||     3
Armor: Robe              |     3 |     7 ||    10
Dodge: Dodged            |     4 |    25 ||    29
